 Dungeon Crawl Stone Soup version 0.28.0 (webtiles) character file.

Game seed: 14578146076355481585

118 hogiebunz the Slasher (level 4, 0/40 HPs)
             Began as a Draconian Berserker on Feb 17, 2022.
             Was a Believer of Trog.
             Killed by divine providence
             ... invoked by an orc priest
              (12 damage)
             ... on level 3 of the Dungeon.
             The game lasted 00:09:24 (2091 turns).

hogiebunz the Slasher (Draconian Berserker)         Turns: 2091, Time: 00:09:25

Health: 0/40       AC:  8    Str: 21    XL:     4   Next: 72%
Magic:  0/4        EV: 12    Int:  7    God:    Trog [**....]
Gold:   77         SH:  0    Dex: 11    Spells: 3/3 levels left

rFire   . . .      SeeInvis .   a - +0 falchion
rCold   . . .      Faith    .   (no shield)
rNeg    . . .      Spirit   +   (armour unavailable)
rPois   .          Reflect  .   (helmet restricted)
rElec   .          Harm     .   (no cloak)
rCorr   +          Rampage  .   u - +1 pair of gloves
Will    .....                   C - +0 pair of boots
Stlth   +.........              B - amulet of guardian spirit
HPRegen 0.13/turn               i - ring of resist corrosion
MPRegen 0.09/turn               (no ring)

@: no status effects
A: AC +5, unfitting armour, cold-blooded
a: Renounce Religion, Berserk, Trog's Hand


You were on level 3 of the Dungeon.
You worshipped Trog.
Trog was pleased with you.
You visited 1 branch of the dungeon, and saw 3 of its levels.

You collected 77 gold pieces.

Inventory:

Hand Weapons
 a - a +0 falchion (weapon)
 c - a +0 club
 e - a +0 hand axe
 k - a +0 club
 m - a +0 short sword
 n - a +0 whip
 p - a +0 club
 v - a +0 glaive
 y - a +0 dagger
 z - a +0 war axe
Missiles
 f - 19 bolts
 o - 82 stones (quivered)
Armour
 d - a +0 leather armour
 g - a +0 leather armour
 r - a +0 robe
 u - a +1 pair of gloves (worn)
 w - a +0 leather armour
 C - a +0 pair of boots (worn)
Magical Staves
 l - a staff of earth
Jewellery
 i - a ring of resist corrosion (left hand)
 B - an amulet of guardian spirit (around neck)
Wands
 s - a wand of flame (14)
Scrolls
 b - a scroll of teleportation {unknown}
 j - a scroll of identify {unknown}
 t - a scroll of amnesia {unknown}
 A - a scroll of fog {unknown}
Potions
 h - a potion of attraction {unknown}
 q - a potion of degeneration {unknown}
 x - a potion of haste {unknown}


   Skills:
 + Level 3.9 Fighting
 + Level 4.5 Long Blades
 + Level 3.3 Dodging
 + Level 0.4 Stealth


You had 3 spell levels left.
You didn't know any spells.
Your spell library was empty.

Dungeon Overview and Level Annotations

Branches:
Dungeon (3/15)

Altars:


Innate Abilities, Weirdness & Mutations

Your plain brown scales are hard. (AC +5)
You cannot fit into any form of body armour.
You are cold-blooded and may be slowed by cold attacks.


Message History

The orc is almost dead.
The orc priest looks satisfied for a moment.
The orc misses you.
You closely miss the orc.
The orc is almost dead.
The orc barely misses you. The orc misses you.
You hit the orc.
You kill the orc!
Trog accepts your kill.
You hit the orc but do no damage. The orc barely misses you.
You hit the orc.
The orc is almost dead.
The orc hits you but does no damage.
The orc priest calls upon Beogh to heal the orc.
The orc's wounds heal themselves!
You slash the orc!
You kill the orc!
Trog accepts your kill.
You hit the orc priest but do no damage.
The orc priest closely misses you.
You hit the orc priest.
You tail-slap the orc priest, but do no damage.
The orc priest is lightly wounded.
The orc priest mumbles some strange prayers to Beogh against you.
Pain shoots through your body!
* * * LOW HITPOINT WARNING * * *
You hit the orc priest but do no damage.
The orc priest is lightly wounded.
The orc priest barely misses you.
You hit the orc priest but do no damage.
The orc priest is lightly wounded.
The orc priest closely misses you.
You slash the orc priest!
The orc priest is heavily wounded.
The orc priest barely misses you.
You barely miss the orc priest. Your punch misses the orc priest.
The orc priest is heavily wounded.
The orc priest invokes the aid of Beogh against you.
Beogh smites you!
You die...

..#
#.#.##..........
..# #.
#.#.############
... ...##.#.###
..##
..........#####
..#
..###<.........
###.#.#####
#.#.# #.#.. #@#
.# #o# .# #.#
..# ###


You could see an orc priest.

Vanquished Creatures
  An orc wizard (D:3)
  2 adders (D:2)
  2 dart slugs (D:1)
  2 worms
  3 orcs (D:3)
  3 bats
  An endoplasm (D:2)
  A giant cockroach (D:2)
  5 goblins
  7 hobgoblins
  5 jackals
  6 kobolds
  5 quokkas
  6 ball pythons (D:1)
  A frilled lizard (D:2)
  8 rats
58 creatures vanquished.

Notes
Turn   | Place    | Note
-------+----------+-------------------------------------------
     0 | D:1      | hogiebunz the Draconian Berserker began the quest for the
                  | Orb.
     0 | D:1      | Reached XP level 1. HP: 19/19 MP: 1/1
     2 | D:1      | Noticed a vine stalker
     2 | D:1      | Noticed an ogre
     4 | D:1      | Noticed an octopode
     4 | D:1      | Noticed a minotaur
     6 | D:1      | Noticed a formicid
     8 | D:1      | Noticed an elf
     8 | D:1      | Noticed a demigod
    10 | D:1      | Noticed a vampire
    12 | D:1      | Noticed a human
    14 | D:1      | Noticed a ghoul
    14 | D:1      | Noticed a felid
    16 | D:1      | Noticed a demonspawn
    16 | D:1      | Noticed a troll
    18 | D:1      | Noticed a gargoyle
    18 | D:1      | Noticed a spriggan
    20 | D:1      | Noticed a tengu
    22 | D:1      | Noticed a merfolk
    22 | D:1      | Noticed a naga
    24 | D:1      | Noticed a draconian
    26 | D:1      | Noticed a dwarf
   499 | D:1      | Reached XP level 2. HP: 24/26 MP: 2/2
   504 | D:1      | Found a faded altar of an unknown god.
   812 | D:1      | Reached XP level 3. HP: 26/33 MP: 3/3
   933 | D:1      | Reached ** piety under Trog
  1211 | D:2      | Reached skill level 4 in Long Blades
  1655 | D:2      | Reached XP level 4. HP: 39/40 MP: 4/4
  2091 | D:3      | Killed from afar by an orc priest

Illustrated notes

Levels and vault maps discovered:
D:1:      kb_arrival_jail, layout_loops_ring,
          dilly_ecumenical_altar_fadedgnrine, minmay_liquid_box
D:2:      layout_rooms
D:3:      layout_loops_ring, minmay_misc_feat_doors,
          chequers_serial_rivers_micro_b, minivault_14, minmay_box_of_dots,
          uniq_sigmund

Skill      XL: |  1  2  3 |
---------------+----------+-----
Dodging        | 3 |  3.3
Long Blades    | 4 |  4.5
Fighting       | |  3.9
Stealth        | |  0.4

Action                   |  1- 3 |  4- 6 || total
-------------------------+-------+-------++-------
Melee: Falchion          |   107 |    71 ||   178
       Tailslap          |    12 |     8 ||    20
Invok: Berserk           |     1 |     1 ||     2
Armor: Skin              |    31 |    26 ||    57
Dodge: Dodged            |    64 |    51 ||   115
